 Dungeon Crawl Stone Soup version 0.21-a0-538-gd16b88a (webtiles) character file.

42 KristoblXynda the Chucker (level 3, 0/21 HPs)
             Began as a Tengu Hunter on Dec 16, 2017.
             Was a Follower of Nemelex Xobeh.
             Slain by a worm (6 damage)
             ... on level 2 of the Dungeon.
             The game lasted 00:02:31 (1735 turns).

KristoblXynda the Chucker (Tengu Hunter)            Turns: 1735, Time: 00:02:32

Health: 0/21       AC:  4    Str: 12    XL:     3   Next: 56%
Magic:  4/4        EV: 13    Int: 10    God:    Nemelex Xobeh [*.....]
Gold:   53         SH:  0    Dex: 14    Spells: 2/2 levels left

rFire    + . .     SeeInvis .   a - +0 short sword
rCold    . . .     Gourm    .   (no shield)
rNeg     . . .     Faith    .   b - +1 leather armour
rPois    .         Spirit   .   (helmet restricted)
rElec    .         Reflect  .   (no cloak)
rCorr    .         Harm     .   (no gloves)
MR       .....                  (boots unavailable)
Stlth    ++........             (no amulet)
HPRegen  0.07/turn              g - ring of protection from fire
MPRegen  0.09/turn              n - -2 ring of intelligence (curse)

@: no status effects
A: beak, talons 3
a: Renounce Religion


You were on level 2 of the Dungeon.
You worshipped Nemelex Xobeh.
Nemelex Xobeh was aware of your devotion.
You were hungry.

You visited 1 branch of the dungeon, and saw 2 of its levels.

You collected 53 gold pieces.

Inventory:

Hand Weapons
 a - a +0 short sword (weapon)
Missiles
 c - a javelin (quivered)
 d - 2 throwing nets
Armour
 b - a +1 leather armour (worn)
Jewellery
 g - a ring of protection from fire (left hand)
 n - a cursed -2 ring of intelligence (right hand)
 q - an uncursed ring of magical power
Scrolls
 j - 2 scrolls of teleportation
Potions
 k - a potion of haste {unknown}
 m - 2 potions of invisibility
 p - a potion of curing
Miscellaneous
 l - a plain deck of summoning
Comestibles
 f - 3 bread rations
 o - a royal jelly


   Skills:
 - Level 2.0 Fighting
 + Level 4.4 Throwing
 + Level 3.0 Dodging
 + Level 2.1 Stealth


You had 2 spell levels left.
You didn't know any spells.

Dungeon Overview and Level Annotations

Branches:
Dungeon (2/15)

Altars:
Nemelex Xobeh


Innate Abilities, Weirdness & Mutations

You have a beak for a mouth.
You have claws for feet.


Message History

Your +0 leather armour glows green for a moment.
As you read the scroll labeled YLAMIPN DIWI, it crumbles to dust.
The scroll dissolves into smoke.
It was a scroll of fog.
As you read the scroll labeled IMEINA GOCS, it crumbles to dust.
It is a scroll of identify.
m - 2 potions of invisibility A worm comes into view.
Found 9 gold pieces.
Okay, then.
You barely miss the worm. The worm bites you.
You barely miss the worm. You hit the worm. Your kick misses the worm.
The worm is moderately wounded.
The worm bites you!
* * * LOW HITPOINT WARNING * * *
You barely miss the worm.
The worm is lightly wounded.
The worm bites you.
You die...
Your body disappears without a glow.

.#.#
#..........#......### #
##+##................
.# #.####.##.#......
.#... #................
g.... #.#.##.##...#####
.(... #.#.##......)....
.###. #.#.#####...####.
## #########§#.#
#...####. .
..$....w@§#<# #..<.....
.. #########§#.#
#...####. ... #§#.#
#...# #. ....
#§#.#####...# #.
#§#.##.##.[.# #.
#.#....##...# #.
##.###.####.##...####.
.......................
.##.###.####.###.......


You could see a worm.

Vanquished Creatures
  An adder (D:2)
  A worm (D:2)
  A leopard gecko (D:1)
  A giant cockroach (D:2)
  4 goblins
  6 hobgoblins
  6 kobolds
  2 bats (D:1)
  2 frilled lizards (D:1)
  4 rats (D:1)
28 creatures vanquished.

Notes
Turn   | Place    | Note
-------+----------+-------------------------------------------
     0 | D:1      | KristoblXynda the Tengu Hunter began the quest for the Orb.
     0 | D:1      | Reached XP level 1. HP: 12/12 MP: 2/2
   164 | D:1      | Found a sparkling altar of Nemelex Xobeh.
   172 | D:1      | Reached XP level 2. HP: 17/17 MP: 3/3
   199 | D:1      | Became a worshipper of Nemelex Xobeh the Trickster
   459 | D:1      | Received a gift from Nemelex Xobeh
  1012 | D:2      | Reached XP level 3. HP: 10/21 MP: 4/4
  1325 | D:2      | Found a faded altar of an unknown god.
  1393 | D:2      | Reached * piety under Nemelex Xobeh
  1735 | D:2      | Slain by a worm

Vault maps used:
D:1:      minmay_arrival_widening_spiral_wide, grunt_decor_arrowhead,
          minmay_hedge_maze, hangedman_abyss_or_decor_lesser_grid,
          nemelex_xobeh_ov_fountains_minmay
D:2:      tso_metal_star, chequers_ecumenical_altar_island, first_bread,
          nrook_mini_vaults, minmay_three_crescents

Skill      XL: |  1  2  3 |
---------------+----------+-----
Stealth        | 2 |  2.1
Dodging        | 3 |  3.0
Fighting       | |  2.0
Throwing       | |  4.4

Action                   || total
-------------------------++-------
Melee: Short sword       ||    79
       Peck              ||    14
       Kick              ||    16
Throw: Javelin           ||     6
  Use: Scroll            ||     4
       Potion            ||     1
 Stab: Distracted        ||     1
       Sleeping          ||     1
  Eat: Chunk             ||     2
Armor: Leather armour    ||    11
Dodge: Dodged            ||    55

Table legend:
 A = Spawn XP
 B = Non-spawn XP
 C = Spawn XP percentage of total XP
 D = Spawn monster count
 E = Non-spawn monster count
 F = Spawn count percentage of total count
 G = Total turns spent on level
                    A         B        C        D         E        F      G
               +---------+---------+-------+---------+---------+-------+---------
         Total |       0 |      61 |   0.0 |       0 |      28 |   0.0 |  1735
               +---------+---------+-------+---------+---------+-------+---------
           D:1 |       0 |      28 |   0.0 |       0 |      18 |   0.0 |   916
           D:2 |       0 |      33 |   0.0 |       0 |      10 |   0.0 |   819
               +---------+---------+-------+---------+---------+-------+---------
